 Dungeon Crawl Stone Soup version 0.29.1-14-g9c671dbff4 (webtiles) character file.

Game seed: 17267242234096919538

15 zeram the Ducker (level 2, 0/16 HPs)
             Began as a Spriggan Fighter on Feb 19, 2023.
             Succumbed to an adder's poison
             ... on level 1 of the Dungeon.
             The game lasted 00:01:55 (791 turns).

zeram the Ducker (Spriggan Fighter)                  Turns: 791, Time: 00:01:56

Health: 0/16       AC:  2    Str: 12    XL:     2   Next: 34%
Magic:  4/4        EV: 17    Int:  9    God:
Gold:   42         SH:  6    Dex: 14    Spells: 3/3 levels left

rFire   . . .      SeeInvis +   a - +0 spear
rCold   . . .      Faith    .   c - +0 buckler
rNeg    . . .      Spirit   .   b - +0 robe
rPois   .          Reflect  .   (helmet restricted)
rElec   .          Harm     .   (no cloak)
rCorr   .          Rampage  .   (gloves unavailable)
Will    .....                   (boots unavailable)
Stlth   +.........              (no amulet)
HPRegen 0.05/turn               (no ring)
MPRegen 0.09/turn               (no ring)

@: lethally poisoned (0 -> -3), very quick
A: very small, no large weapons, unfitting armour, see invisible, speed 3
a: no special abilities


You were on level 1 of the Dungeon.
You visited 1 branch of the dungeon, and saw 2 of its levels.

You collected 42 gold pieces.

Inventory:

Hand Weapons
 a - a +0 spear (weapon)
Armour
 b - a +0 robe (worn)
 c - a +0 buckler (worn)
Scrolls
 f - a scroll of magic mapping
 g - a scroll of blinking
Potions
 d - a potion of might


   Skills:
 - Level 2.4 Fighting
 - Level 1.3 Polearms
 + Level 4.4 Dodging
 + Level 2.4 Shields
 * Level 1.1 Spellcasting


You had 3 spell levels left.
You didn't know any spells.
Your spell library contained the following spells:

 Spells                   Type           Power      Damage    Failure   Level
 Portal Projectile        Hex/Tloc       0%         N/A       92%         3
 Tukima's Dance           Hex            0%         N/A       92%         3
 Blade Hands              Tmut           0%         N/A       100%        5


Dungeon Overview and Level Annotations

Branches:
Dungeon (2/15)

Altars:

Shops:
D:1 (


Innate Abilities, Weirdness & Mutations

You are very small and have problems with some larger weapons.
You are too small for most types of armour.
You have supernaturally acute eyesight. (SInv)
You cover ground extremely quickly. (Speed+++)


Message History

You hit the adder.
The adder is lightly wounded.
The adder closely misses you.
A kobold comes into view. It is wielding a +0 short sword.
The kobold shouts!
You hit the adder.
The adder is lightly wounded.
You block the adder's attack. The adder bites you.
You are poisoned.
The adder poisons you!
You hit the adder.
The adder is heavily wounded.
You feel sick.
The kobold throws a stone.
The stone hits you. The adder bites you.
You are too injured to fight recklessly!
You are too injured to fight recklessly!
You are too injured to fight recklessly!
You are too injured to fight recklessly!
You are too injured to fight recklessly!
You are too injured to fight recklessly!
You are too injured to fight recklessly!
You are too injured to fight recklessly!
You are too injured to fight recklessly!
You are too injured to fight recklessly!
You are too injured to fight recklessly!
You are too injured to fight recklessly!
You are too injured to fight recklessly!
You are too injured to fight recklessly!
You are too injured to fight recklessly!
You are too injured to fight recklessly!
You are too injured to fight recklessly!
Unknown command.
* * * LOW HITPOINT WARNING * * *
You feel sick.
The kobold throws a stone.
The stone hits you.
* * * LOW HITPOINT WARNING * * *
There is a stone staircase leading up here.
* * * LOW HITPOINT WARNING * * *
You feel sick. The adder completely misses you.
You climb upwards.
You die...

....##..#.'.#
.....##.#.#.######
......#P..#.#....#
......#8###.####.#######
......#.....#..#.......#
......#'######.#######.#
.................#)....#
.######.#####.##.#.######
...............S@#......#
.#...##...#.#.#########.#
.#...######.#.......#...#
......#...........#.#.###
.##.#.#.##.######.#...#
.#..#.............#####
........#.######......#
######....#........##.#
..####.####.#####..##.#


You could see an adder.

Vanquished Creatures
  A dart slug (D:1)
  4 ball pythons (D:1)
  2 endoplasms (D:1)
  A hobgoblin (D:1)
  2 frilled lizards (D:1)
  2 kobolds (D:1)
  2 rats (D:1)
14 creatures vanquished.

Notes
Turn   | Place    | Note
-------+----------+-------------------------------------------
     0 | D:1      | zeram the Spriggan Fighter began the quest for the Orb.
     0 | D:1      | Reached XP level 1. HP: 11/11 MP: 2/2
   206 | D:1      | Found Zuojam's Antique Weapon Emporium.
   216 | D:1      | Reached skill level 1 in Spellcasting
   216 | D:1      | Reached XP level 2. HP: 11/16 MP: 4/4
   494 | D:1      | Found a faded altar of an unknown god.
   791 | D:1      | Succumbed to an adder's poison

Illustrated notes

Levels and vault maps discovered:
D:1:      lemuel_arrival_river_ford, layout_basic,
          shapermc_ecumenical_altar_ellora, serial_shops, shop_statue
D:2:      minmay_door_path, layout_basic, minmay_cut_off

Skill      XL: |  1 |
---------------+----+-----
Spellcasting   | 1 |  1.1
Fighting       | |  2.4
Polearms       | |  1.3
Dodging        | |  4.4
Shields        | |  2.4

Action                   || total
-------------------------++-------
Melee: Spear             ||    38
  Use: Scroll            ||     4
 Stab: Sleeping          ||     1
Armor: Robe              ||     2
Dodge: Dodged            ||    16
Block: Buckler           ||     5
